 Dungeon Crawl Stone Soup version 0.29.1-1-gd02db6906a (webtiles) character file.

Game seed: 4096508071791278065

4820 xian the Cudgeller (level 10, -13/77 HPs)
             Began as a Demonspawn Abyssal Knight on Oct 7, 2022.
             Was an Elder of Lugonu.
             Mangled by a two-headed ogre
             ... wielding a +0 giant club
              (26 damage)
             ... on level 9 of the Dungeon.
             The game lasted 00:21:34 (9452 turns).

xian the Cudgeller (Demonspawn Abyssal Knight)      Turns: 9452, Time: 00:21:35

Health: -13/77     AC: 11    Str: 18    XL:     10   Next: 24%
Magic:  18/18      EV:  8    Int: 18    God:    Lugonu [****..]
Gold:   566        SH:  4    Dex: 17    Spells: 20/20 levels left

rFire   + + .      SeeInvis .   p - +9 mace "Huirhuqe" {flame, *Rage rElec rF++ Dex+4}
rCold   . . .      Faith    .   (no shield)
rNeg    . . .      Spirit   .   y - +0 plate armour
rPois   .          Reflect  .   a - +1 helmet
rElec   +          Harm     .   A - scarf {repulsion}
rCorr   .          Rampage  .   (no gloves)
Will    .....      Rage     20% (no boots)
Stlth   ..........              F - amulet of the acrobat
HPRegen 0.22/turn               x - +6 ring of intelligence
MPRegen 0.16/turn               G - ring of wizardry

@: about to teleport, corroded, on berserk cooldown, slowed, repel missiles,
very slow
A: hooves 2, sturdy frame 1, condensation shield, demonic magic 2
a: Renounce Religion, Depart the Abyss, Bend Space, Banish, Corrupt


You were on level 9 of the Dungeon.
You worshipped Lugonu.
Lugonu was greatly pleased with you.
You visited 1 branch of the dungeon, and saw 9 of its levels.
You visited the Abyss 1 time.
You also visited: Sewer.

You collected 566 gold pieces.

Inventory:

Hand Weapons
 l - a +1 sling of flaming
 p - the +9 mace "Huirhuqe" (weapon) {flame, *Rage rElec rF++ Dex+4}
   (You found it on level 2 of the Dungeon)

   It burns those it strikes, dealing additional fire damage.
   Dex:       It affects your dexterity (+4).
   rF:        It greatly protects you from fire.
   rElec:     It insulates you from electricity.
   *Rage:     It berserks you when you make melee attacks (+20% chance).
Missiles
 s - 5 curare-tipped darts
 t - 20 poisoned darts (quivered)
Armour
 a - a +1 helmet (worn)
 y - a +0 plate armour (worn)
 A - a scarf of repulsion (worn)
 L - the +1 helmet of Feasting {rElec rCorr Str-5 Dex+3}
   (You found it on level 8 of the Dungeon)

   Str:       It affects your strength (-5).
   Dex:       It affects your dexterity (+3).
   rElec:     It insulates you from electricity.
   rCorr:     It protects you from acid and corrosion.
Magical Staves
 z - a staff of conjuration
Jewellery
 x - a +6 ring of intelligence (left hand)
 B - a ring of positive energy
 F - an amulet of the acrobat (around neck)
 G - a ring of wizardry (right hand)
Wands
 h - a wand of flame (16)
 u - a wand of roots (7)
 C - a wand of polymorph (13)
Scrolls
 b - 2 scrolls of amnesia {unknown}
 c - 6 scrolls of blinking {unknown}
 e - 3 scrolls of summoning {unknown}
 k - a scroll of silence {unknown}
 n - a scroll of enchant armour {unknown}
 r - 4 scrolls of enchant weapon
 D - 2 scrolls of torment {unknown}
 H - a scroll of identify
 I - a scroll of magic mapping
 K - a scroll of noise {unknown}
Potions
 d - a potion of berserk rage {unknown}
 f - 5 potions of curing {unknown}
 g - 3 potions of haste {unknown}
 i - 2 potions of resistance {unknown}
 j - a potion of flight {unknown}
 o - 4 potions of heal wounds {unknown}
 q - 3 potions of cancellation {unknown}
 v - 3 potions of invisibility {unknown}
 w - a potion of brilliance {unknown}
 E - a potion of mutation {unknown}
 J - 2 potions of lignification {unknown}


   Skills:
 + Level 6.4 Fighting
 + Level 2.8(5.5) Axes
 + Level 7.4(7.7) Maces & Flails
 + Level 2.3 Ranged Weapons
 + Level 2.2 Throwing
 + Level 6.4 Armour
 + Level 2.4 Dodging
 + Level 0.3 Stealth
 + Level 1.1 Shields
 * Level 5.9 Spellcasting
 * Level 3.7 Invocations


You had 20 spell levels left.
You didn't know any spells.
Your spell library contained the following spells:

 Spells                   Type           Power      Damage    Failure   Level
 Ignite Poison            Fire/Tmut/Pois 5%         N/A       89%         3
 Mephitic Cloud           Conj/Pois/Air  5%         N/A       89%         3
 Hailstorm                Conj/Ice       5%         3d4       99%         4
 Ice Form                 Ice/Tmut       5%         N/A       99%         4
 Blade Hands              Tmut           2%         N/A       100%        5
 Freezing Cloud           Conj/Ice/Air   2%         6-21      100%        5
 Irradiate                Conj/Tmut      2%         3d12      100%        5
 Simulacrum               Ice/Necr       2%         N/A       100%        6
 Dragon Form              Tmut           2%         N/A       100%        7


Dungeon Overview and Level Annotations

Branches:
Dungeon (9/15)             Temple (0/1) D:7           Sewer (visited)
   Lair: D:8-11         Orc: D:9-12

Altars:

Annotations:
D:8 2 transporters, turdburglar's ghost, novice SpEE


Innate Abilities, Weirdness & Mutations

You have hoof-like feet.
Your movements are slightly less encumbered by armour. (ER -2)
A meltable shield of frost defends you. (SH +4)
Spells you cast may paralyse nearby enemies.


Message History

You hear a roar!
You feel your anger nearly subside. The acid dragon spits acid at you.
The splash of acid misses you.
You hear two shouts!
You are no longer berserk.
You are exhausted.
You feel yourself slow down. The acid dragon spits acid at you.
The splash of acid misses you. The acid dragon misses you.
You block the acid dragon's attack.
A wyvern comes into view.
A two-headed ogre comes into view. It is wielding two +0 giant clubs.
The acid dragon spits acid at you. The splash of acid hits you!
The acid corrodes you!
You sock the acid dragon! You burn the acid dragon.
The acid dragon is moderately wounded.
You block the acid dragon's attack. The acid dragon barely misses you.
You closely miss the acid dragon.
The acid dragon is moderately wounded.
The acid dragon bites you but does no damage.
The acid dragon claws you but does no damage.
The acid dragon bites you. The acid dragon barely misses you.
You barely miss the acid dragon.
You kick the acid dragon, but do no damage.
The acid dragon is moderately wounded.
The two-headed ogre barely misses you.
The two-headed ogre hits you with a +0 giant club!
The acid dragon bites you.
The acid dragon claws you but does no damage.
Okay, then.
Okay, then.
As you read the scroll of teleportation, it crumbles to dust.
You feel strangely unstable. The acid dragon barely misses you.
The acid dragon claws you but does no damage.
The wyvern bites you.
The two-headed ogre hits you with a +0 giant club!!
* * * LOW HITPOINT WARNING * * *
The two-headed ogre hits you with a +0 giant club!!
You die...

#.##...## #.>.
#.
#....######.
.# #).......#
.. #...#....#
#. #...#(...#
# #...#....#.
#...#......
#..#....#.....
#..#.@..#.....
##.#lOD##.....
.##...# .
.#..# .#.##..#
.# #..# .#
#..# .# ##..


You could see a two-headed ogre, a wyvern and an acid dragon.

Vanquished Creatures
  Grinder (D:3)
  A hornet (D:8)
  9 yaks
  Menkaure (D:5)
  3 water moccasins
  Duvessa (D:7)
  2 orc warriors
  A sky beast (D:7)
  An ogre (D:5)
  A kobold brigand (D:7)
  4 bullfrogs
  5 scorpions
  3 necrophages
  4 wights (D:6)
  Dowan (D:7)
  A killer bee (D:9)
  A howler monkey (D:8)
  4 electric eels (D:8)
  4 hounds
  5 orc priests
  4 jellies
  2 iguanas
  11 orc wizards
  A hell rat (Sewer)
  4 gnolls
  4 adders
  A river rat (Sewer)
  A shadow imp (D:7)
  A white imp (D:5)
  An ufetubus (D:4)
  A worm (D:4)
  24 orcs
  8 ball pythons
  6 bats
  2 endoplasms
  4 giant cockroaches
  12 goblins
  3 hobgoblins
  5 quokkas
  A frilled lizard (D:2)
  18 kobolds
  7 rats
  A spectral goblin (D:2)
175 creatures vanquished.

Vanquished Creatures (others)
  An orc wizard (D:8)
  2 orcs (D:8)
  12 plants (D:8)
15 creatures vanquished.

Grand Total: 190 creatures vanquished

Notes
Turn   | Place    | Note
-------+----------+-------------------------------------------
     0 | Abyss:1  | xian the Demonspawn Abyssal Knight began the quest for the
                  | Orb.
     0 | Abyss:1  | Reached XP level 1. HP: 18/18 MP: 2/2
    39 | Abyss:1  | Found a blossoming altar of Fedhas.
    57 | D:1      | Escaped the Abyss
    64 | D:1      | Noticed a hog
    64 | D:1      | Noticed a polar bear
    64 | D:1      | Noticed a salamander
    65 | D:1      | Noticed a swamp drake
    65 | D:1      | Noticed a killer bee
   114 | D:1      | Reached ** piety under Lugonu
   127 | D:1      | Reached skill level 1 in Dodging
   135 | D:1      | Gained mutation: You have large cloven feet. [demonic
                  | ancestry]
   135 | D:1      | Reached XP level 2. HP: 4/24 MP: 4/4
   664 | D:1      | Reached XP level 3. HP: 22/29 MP: 5/5
  1384 | D:2      | Reached skill level 1 in Ranged Weapons
  1384 | D:2      | Gained mutation: Spells you cast may paralyse adjacent
                  | enemies. [demonic ancestry]
  1384 | D:2      | Reached XP level 4. HP: 12/37 MP: 6/6
  1932 | D:2      | Found a faded altar of an unknown god.
  2061 | D:2      | Identified the +9 mace "Huirhuqe" {flame, *Rage rElec rF++
                  | Dex+4}
  2339 | D:3      | Reached skill level 1 in Spellcasting
  2339 | D:3      | Gained mutation: Spells you cast may paralyse nearby
                  | enemies. [demonic ancestry]
  2339 | D:3      | Reached XP level 5. HP: 38/42 MP: 7/7
  2594 | D:3      | Noticed Grinder
  2599 | D:3      | Killed Grinder
  2600 | D:3      | Reached XP level 6. HP: 48/48 MP: 7/9
  3266 | D:4      | Reached *** piety under Lugonu
  3397 | D:4      | Found a glowing drain.
  3419 | Sewer    | Entered a sewer
  4031 | D:4      | Found Xoycoj's Book Emporium.
  4079 | D:5      | Entered Level 5 of the Dungeon
  4095 | D:5      | Reached skill level 1 in Maces & Flails
  4162 | D:5      | Noticed a water moccasin
  4166 | D:5      | Killed a water moccasin
  4167 | D:5      | Gained mutation: Your movements are slightly less
                  | encumbered by armour. (ER -2) [demonic ancestry]
  4167 | D:5      | Reached XP level 7. HP: 55/55 MP: 10/10
  4185 | D:5      | Reached skill level 2 in Maces & Flails
  4433 | D:5      | Noticed Menkaure
  4439 | D:5      | Killed Menkaure
  4440 | D:5      | Reached skill level 3 in Maces & Flails
  4508 | D:5      | Gained mutation: A meltable shield of frost defends you.
                  | (SH +4) [demonic ancestry]
  4508 | D:5      | Reached XP level 8. HP: 53/61 MP: 12/12
  4642 | D:5      | Reached skill level 4 in Maces & Flails
  5250 | D:6      | Reached skill level 5 in Fighting
  5394 | D:6      | Reached skill level 5 in Maces & Flails
  5713 | D:6      | Reached **** piety under Lugonu
  5844 | D:6      | Reached XP level 9. HP: 17/69 MP: 15/15
  6164 | D:6      | Reached skill level 1 in Throwing
  6164 | D:6      | Reached skill level 5 in Armour
  6676 | D:6      | Reached skill level 6 in Maces & Flails
  6679 | D:6      | Reached skill level 5 in Spellcasting
  7158 | D:7      | Noticed Duvessa
  7159 | D:7      | Noticed Dowan
  7167 | D:7      | Killed Duvessa
  7171 | D:7      | Killed Dowan
  7342 | D:7      | Noticed a boulder beetle
  7802 | D:7      | Found a staircase to the Ecumenical Temple.
  7949 | D:8      | Reached skill level 7 in Maces & Flails
  7949 | D:8      | Reached skill level 1 in Shields
  7949 | D:8      | Gained mutation: You have hoof-like feet. [demonic
                  | ancestry]
  7949 | D:8      | Reached XP level 10. HP: 37/77 MP: 18/18
  8705 | D:8      | Found a transporter.
  8708 | D:8      | Noticed turdburglar's ghost (novice SpEE)
  8713 | D:8      | Noticed a manticore
  8721 | D:8      | Found a transporter.
  8795 | D:8      | Identified the +1 helmet of Feasting {rElec rCorr Str-5
                  | Dex+3}
  9448 | D:9      | Noticed a two-headed ogre
  9452 | D:9      | Mangled by a two-headed ogre

Illustrated notes

Levels and vault maps discovered:
D:1:      onia_arrival_zoo_common, layout_rooms, minmay_misc_feat_plants,
          minmay_misc_feat_rows
D:2:      layout_loops_cross, dreamdust_ecumenical_altar_drowned_temple
D:3:      layout_loops_ring, minmay_misc_feat_x, nicolae_hexahallways,
          uniq_grinder
D:4:      layout_basic, serial_shops, shop, portal_sewer_entry_f,
          nicolae_figureground_pulse
D:5:      layout_rooms, grunt_ministairs_9, hangedman_abyss_or_decor_passed,
          minmay_misc_feat_pillars, minmay_misc_feat_nine_boxes, uniq_menkaure
D:6:      layout_basic, kennysheep_generic_room_5
D:7:      layout_basic, zin_treasury, minmay_temple_entry_poolview,
          lightli_corner_chamber, uniq_duvessa
D:8:      layout_basic, gammafunk_ghost_arena, serial_bayou_lake_a
D:9:      minmay_ornate_pinched, layout_basic, lair_entry_dummy, minivault_22,
          nicolae_shop_i_like_big_books, serial_bayou_ford_a

Skill      XL: |  1  2  3  4  5  6  7  8  9 10 |
---------------+-------------------------------+-----
Dodging        | 1 2 |  2.4
Axes           | 2 |  2.8
Armour         | 2 3 4 6 |  6.4
Ranged Weapons | 1 2 |  2.3
Spellcasting   | 1 2 3 4 5 |  5.9
Fighting       | 4 5 6 |  6.4
Maces & Flails | 1 3 5 7 |  7.4
Throwing       | 2 |  2.2
Shields        | 1 |  1.1
Invocations    | 3 |  3.7
Stealth        | |  0.3

Action                   |  1- 3 |  4- 6 |  7- 9 | 10-12 || total
-------------------------+-------+-------+-------+-------++-------
Melee: Hand axe          |    71 |    34 |       |       ||   105
       Kick              |     8 |    16 |    44 |    13 ||    81
       Sling             |    15 |       |       |       ||    15
       Mace              |       |    68 |   193 |    46 ||   307
       Punch             |       |     1 |     1 |     2 ||     4
 Fire: Sling             |    22 |     2 |       |       ||    24
Throw: Stone             |     5 |     7 |       |       ||    12
       Dart              |       |     1 |    13 |       ||    14
Invok: Depart the Abyss  |     1 |       |       |       ||     1
  Use: Scroll            |       |     4 |     2 |     1 ||     7
Armor: Leather armour    |    27 |       |       |       ||    27
       Chain mail        |    56 |    81 |       |       ||   137
       Plate armour      |       |    10 |   102 |    19 ||   131
       Skin              |       |       |     6 |       ||     6
Dodge: Dodged            |    75 |    47 |    88 |    29 ||   239
       Repelled          |       |       |     1 |     2 ||     3
Block: Other             |       |       |    23 |     5 ||    28
